 Dungeon Crawl Stone Soup version 0.23-a0-269-g65e0026 (webtiles) character file.

18 RoseArtemis the Grave Robber (level 2, -5/20 HPs)
             Began as a Human Necromancer on Sept 30, 2018.
             Slain by a worm (7 damage)
             ... on level 2 of the Dungeon.
             The game lasted 00:05:15 (952 turns).

RoseArtemis the Grave Robber (Human Necromancer)     Turns: 952, Time: 00:05:15

Health: -5/20      AC:  2    Str:  8    XL:     2   Next: 90%
Magic:  0/5        EV: 12    Int: 15    God:
Gold:   11         SH:  0    Dex: 13    Spells: 3/5 levels left

rFire    . . .     SeeInvis .   e - +0 dagger
rCold    . . .     Gourm    .   (no shield)
rNeg     . . .     Faith    .   a - +0 robe
rPois    .         Spirit   .   (no helmet)
rElec    .         Reflect  .   (no cloak)
rCorr    .         Harm     .   (no gloves)
MR       .....                  (no boots)
Stlth    ++........             (no amulet)
HPRegen  0.06/turn              (no ring)
MPRegen  0.09/turn              (no ring)

@: no status effects
A: no striking features
a: no special abilities


You were on level 2 of the Dungeon.
You were not hungry.

You visited 1 branch of the dungeon, and saw 2 of its levels.

You collected 11 gold pieces.

Inventory:

Hand Weapons
 e - a +0 dagger (weapon)
Armour
 a - a +0 robe (worn)
Scrolls
 d - a scroll of remove curse {unknown}
 f - a scroll of immolation {unknown}
 g - a scroll of enchant weapon {unknown}
Potions
 b - a potion of curing {unknown}
Comestibles
 c - a ration


   Skills:
 + Level 0.4 Fighting
 + Level 2.2 Dodging
 - Level 2.1 Stealth
 + Level 2.2 Spellcasting
 * Level 4.2 Necromancy


You had 3 spell levels left.
You knew the following spells:

 Your Spells              Type           Power        Failure   Level  Hunger
a - Pain                  Necr           ##..         3%          1    #......
b - Animate Skeleton      Necr           N/A          3%          1    #......

Your spell library contained the following spells:

 Spells                   Type           Power        Failure   Level  Hunger
 Vampiric Draining        Necr           ##........   12%         3    ###....
 Regeneration             Chrm/Necr      #.........   26%         3    ###....
 Animate Dead             Necr           N/A          36%         4    #####..


Dungeon Overview and Level Annotations

Branches:
Dungeon (2/15)

Altars:


Message History

Casting: Pain (safe; 3% risk of failure)
Confirm with . or Enter, or press ? or * to list all spells.
Aiming: Pain (safe; 3% risk of failure)
Press: ? - help, Shift-Dir - straight line, f/p - worm
Aim: a worm (chance to defeat MR: 79%)
The worm writhes in agony!
You start resting.
The worm is too close now for your liking.
You hit the worm but do no damage.
The worm is lightly wounded.
The worm barely misses you.
You barely miss the worm.
The worm is lightly wounded.
Casting: Pain (safe; 3% risk of failure)
Confirm with . or Enter, or press ? or * to list all spells.
Aiming: Pain (safe; 3% risk of failure)
Press: ? - help, Shift-Dir - straight line, f/p - worm
Aim: a worm (lightly wounded, chance to defeat MR: 79%)
The worm writhes in agony!
The worm bites you!
You die...

......# # #......#.. .#
#. #..# ...#####.##
#####.##..#####........#
.......#..#.........#.##
.......#......#........#
.......#.##.#.#.#.#.#.##
..............#.#.#.#
............@.)...#.#
........#####w#.#.#.#
..........w...#.#.#.#
.........>.....)....#
#####.#..######.#...#
#.#..#<.....#.#.#
#.#..#####..###.# # #..#
#......# #..# #.######


You could see a worm.

Vanquished Creatures
  A dart slug (D:1)
  2 leopard geckos (D:1)
  2 giant cockroaches (D:1)
  2 goblins
  2 hobgoblins
  A bat (D:1)
  A frilled lizard (D:1)
  2 rats (D:1)
13 creatures vanquished.

Vanquished Creatures (collateral kills)
  A frilled lizard (D:1)
1 creature vanquished.

Grand Total: 14 creatures vanquished

Notes
Turn   | Place    | Note
-------+----------+-------------------------------------------
     0 | D:1      | RoseArtemis the Human Necromancer began the quest for the
                  | Orb.
     0 | D:1      | Reached XP level 1. HP: 13/13 MP: 3/3
     2 | D:1      | Learned a level 1 spell: Animate Skeleton
   333 | D:1      | Reached XP level 2. HP: 19/19 MP: 3/5
   952 | D:2      | Slain by a worm

Vault maps used:
D:1:      matt_arrival_diagonals

Action                   || total
-------------------------++-------
Melee: Unarmed           ||     4
       Dagger            ||     9
 Cast: Pain              ||    38
       Animate Skeleton  ||     4
  Eat: Ration            ||     1
Armor: Robe              ||     4
Dodge: Dodged            ||    12

Table legend:
 A = Non-vault XP
 B = Vault XP
 C = Vault XP percentage of total XP
 D = Non-vault monster count
 E = Vault monster count
 F = Vault count percentage of total count
                 A         B        C        D         E       F
            +---------+---------+-------+---------+---------+-------
      Total |      27 |       0 |   0.0 |      14 |       0 |   0.0
            +---------+---------+-------+---------+---------+-------
        D:1 |      23 |       0 |   0.0 |      12 |       0 |   0.0
        D:2 |       4 |       0 |   0.0 |       2 |       0 |   0.0
            +---------+---------+-------+---------+---------+-------
